 Dungeon Crawl Stone Soup version 0.19.5 (webtiles) character file.

1663 tof the Basher (level 8, -6/109 HPs)
             Began as a Minotaur Berserker on Mar 9, 2017.
             Was an Elder of Trog.
             Mangled by an orc warrior
             ... wielding a +0 glaive
              (26 damage)
             ... on level 6 of the Dungeon.
             The game lasted 00:10:53 (5017 turns).

tof the Basher (Minotaur Berserker)                 Turns: 5017, Time: 00:10:54

Health: -6/109     AC:  8    Str: 30      XL:     8   Next: 69%
Magic:  7/7        EV: 14    Int:  3 (4)  God:    Trog [****..]
Gold:   235        SH:  0    Dex: 12      Spells: 0 memorised, 7 levels left

rFire  . . .     SeeInvis .     v - +0 mace of the Forgotten Stars {crush, +Rage rElec rN+ Str+3} (curse)
rCold  . . .     Gourm    .     g - +0 ring mail
rNeg   + + .     Faith    .     (no shield)
rPois  .         Spirit   .     (helmet restricted)
rElec  +         Reflect  .     o - +1 cloak
rCorr  .         Harm     .     (no gloves)
MR     .....                    (no boots)
Stlth  ..........               s - amulet of inaccuracy (curse)
                                (no ring)
                                d - ring of positive energy

@: berserking, very quick
A: retaliatory headbutt, horns 2, deterioration 1
a: Berserk, Trog's Hand, Brothers in Arms, Burn Spellbooks, Renounce Religion,
Evoke Berserk Rage


You were on level 6 of the Dungeon.
You worshipped Trog.
Trog was greatly pleased with you.
You were very hungry.

You visited 1 branch of the dungeon, and saw 6 of its levels.

You collected 235 gold pieces.

Inventory:

Hand Weapons
 a - a +1 mace
 k - the +7 morningstar of Arrival {antimagic, Int+5}
   (You found it on level 5 of the Dungeon)

   It reduces the magical energy of the wielder, and disrupts the spells and
   magical abilities of those hit.
   Natural abilities and divine invocations are not affected.
   It affects your intelligence (+5).
 t - the +7 mace "Yriasmes" {elec, *Slow rF+ SInv}
   (You found it on level 6 of the Dungeon)

   Occasionally, upon striking a foe, it will discharge some electrical energy
   and cause terrible harm.
   It protects you from fire.
   It lets you see invisible.
   It may slow you when you take damage.
 u - the +7 mace of Guilt {distort, *Corrode rPois rF+ Stlth+}
   (You found it on level 6 of the Dungeon)

   It warps and distorts space around it.
   Unwielding it can cause banishment or high damage.
   It protects you from fire.
   It protects you from poison.
   It may corrode you when you take damage.
   It makes you more stealthy.
 v - the cursed +0 mace of the Forgotten Stars (weapon) {crush, +Rage rElec rN+ Str+3}
   (You found it on level 6 of the Dungeon)

   It inflicts extra damage upon your enemies.
   It affects your strength (+3).
   It insulates you from electricity.
   It protects you from negative energy.
   It lets you go berserk.
   It has a curse placed upon it.
 x - a +2 flail of venom
Armour
 g - a +0 ring mail (worn)
 o - a +1 cloak (worn)
Jewellery
 d - a ring of positive energy (left hand)
 j - an uncursed amulet of magic regeneration
 s - a cursed amulet of inaccuracy (around neck)
Wands
 b - a wand of lightning (14/15)
 w - a wand of digging (9/24)
Scrolls
 e - 4 scrolls of identify
 l - 2 scrolls of amnesia
Potions
 h - 2 potions of might {unknown}
 n - 2 potions of agility {unknown}
 p - 2 potions of lignification {unknown}
 q - 2 potions of degeneration {unknown}
 r - 3 potions of magic {unknown}
Books
 f - a book of Air

   Spells                             Type                      Level
   a - Shock                          Conjuration/Air              1
   b - Swiftness                      Charms/Air                   2
   c - Repel Missiles                 Charms/Air                   2
   d - Static Discharge               Conjuration/Air              3
   e - Lightning Bolt                 Conjuration/Air              5
   Trog disapproves of the use of such an item.
Comestibles
 c - 2 bread rations
 i - a beef jerky
 m - 4 chunks of flesh


   Skills:
 + Level 7.1 Fighting
 * Level 9.3 Maces & Flails
 + Level 6.4 Armour
 + Level 5.3 Dodging


You had 7 spell levels left.
You didn't know any spells.

Dungeon Overview and Level Annotations

Branches:
Dungeon (6/15)             Temple (0/1) D:5

Altars:
Ashenzari

Shops:
D:4 *


Innate Abilities, Weirdness & Mutations

You reflexively headbutt those who attack you in melee.
You have a pair of horns on your head.
Your body sometimes deteriorates upon taking damage.


Message History

You barely miss something. Your headbutt misses something.
The orc warrior hits you from afar with a glaive!
You hear some strange, mumbled words.
A magic dart appears from out of thin air!
The magic dart hits you!
You thump something! Your headbutt misses something.
The orc warrior hits you from afar with a glaive!!
* * * LOW HITPOINT WARNING * * *
You thump something! Trog accepts your kill.
Trog appreciates your killing of a magic user.
Reactivating autopickup.
You feel a bit more experienced. The orc hits you but does no damage.
The orc priest barely misses you.
Found 18 sling bullets.
Things that are here:
a dagger; a robe You miss the orc warrior.
The orc warrior hits you with a glaive!!
You die...

.....>....##..# ###
######.####..# #.# #..#
#.####..# # #..(....##
##.## ####)....##
##....# ##)......## #
#.....o####>........####
.....oo@..'.........'...
......o####.........####
....... ##.......## #
#.....# ##.....## #
##...# ##...## # ...(.
##'## # ###. #.# # #. #
#.# # ##.##.## ###


You could see an orc warrior, an orc priest and 2 orcs.

Vanquished Creatures
  Grinder (D:5)
  Sigmund (D:5)
  Menkaure (D:6)
  Edmund (D:6)
  An ice beast (D:5)
  2 phantoms
  An ogre (D:5)
  2 bullfrogs (D:6)
  Blork the orc (D:6)
  An orc priest (D:4)
  Crazy Yiuf (D:6)
  A gnoll shaman (D:6)
  An iguana (D:5)
  2 orc wizards
  6 worker ants
  5 gnolls (D:6)
  6 adders
  A shadow imp (D:6)
  An ooze (D:1)
  3 worms (D:2)
  3 dart slugs
  3 leopard geckos
  11 orcs
  A ball python (D:3)
  6 bats
  4 giant cockroaches
  11 goblins
  5 hobgoblins
  8 jackals
  7 frilled lizards
  A giant cockroach zombie (D:5)
  8 kobolds
  6 rats
113 creatures vanquished.

Vanquished Creatures (others)
  A fungus (D:2)
  2 plants (D:2)
3 creatures vanquished.

Grand Total: 116 creatures vanquished

Notes
Turn   | Place    | Note
-------+----------+-------------------------------------------
     0 | D:1      | tof the Minotaur Berserker began the quest for the Orb.
     0 | D:1      | Reached XP level 1. HP: 19/19 MP: 0/0
   401 | D:1      | Reached skill level 4 in Maces & Flails
   478 | D:1      | Reached XP level 2. HP: 27/27 MP: 1/1
   961 | D:1      | Reached XP level 3. HP: 33/33 MP: 2/2
  1212 | D:2      | Reached ** piety under Trog
  1418 | D:2      | Found a shattered altar of Ashenzari.
  1422 | D:2      | Saw a vision of the Swamp and the Snake Pit.
  1422 | D:2      | Noticed an alligator
  1422 | D:2      | Noticed an alligator
  1422 | D:2      | Noticed a water moccasin
  1422 | D:2      | Noticed a naga warrior
  1422 | D:2      | Noticed a black mamba
  1422 | D:2      | Noticed a guardian serpent
  1423 | D:2      | Noticed a naga
  1423 | D:2      | Noticed a black mamba
  1423 | D:2      | Noticed a naga sharpshooter
  1424 | D:2      | Noticed a water moccasin
  1918 | D:3      | Reached XP level 4. HP: 40/40 MP: 3/3
  2294 | D:3      | Reached skill level 5 in Maces & Flails
  2366 | D:3      | Reached *** piety under Trog
  2584 | D:4      | Found Ecenimuf's General Store.
  2653 | D:4      | Reached XP level 5. HP: 38/47 MP: 4/4
  3407 | D:5      | Entered Level 5 of the Dungeon
  3424 | D:5      | Reached skill level 5 in Fighting
  3424 | D:5      | Reached XP level 6. HP: 50/56 MP: 5/5
  3460 | D:5      | Found a staircase to the Ecumenical Temple.
  3461 | D:5      | Noticed Sigmund
  3473 | D:5      | Killed Sigmund
  3473 | D:5      | Reached skill level 6 in Maces & Flails
  3524 | D:5      | Got a twisted morningstar
  3525 | D:5      | Identified the +7 morningstar of Arrival {antimagic, Int+5} (You found it on level 5 of the Dungeon)
  3786 | D:5      | Noticed Grinder
  3786 | D:5      | Noticed an ice beast
  3788 | D:5      | Paralysed by Grinder for 6 turns
  3796 | D:5      | Killed an ice beast
  3796 | D:5      | Reached XP level 7. HP: 61/61 MP: 2/6
  3801 | D:5      | Killed Grinder
  3801 | D:5      | Reached skill level 7 in Maces & Flails
  3801 | D:5      | Reached skill level 5 in Armour
  4337 | D:6      | Noticed Menkaure
  4343 | D:6      | Killed Menkaure
  4343 | D:6      | Reached skill level 8 in Maces & Flails
  4343 | D:6      | Reached XP level 8. HP: 51/70 MP: 2/7
  4466 | D:6      | Found a runed door.
  4473 | D:6      | Noticed Crazy Yiuf
  4476 | D:6      | Killed Crazy Yiuf
  4489 | D:6      | Got an ancient mace
  4490 | D:6      | Identified the +7 mace "Yriasmes" {elec, *Slow rF+ SInv} (You found it on level 6 of the Dungeon)
  4493 | D:6      | Got a jewelled mace
  4494 | D:6      | Identified the +7 mace of Guilt {distort, *Corrode rPois rF+ Stlth+} (You found it on level 6 of the Dungeon)
  4501 | D:6      | Got a brightly glowing mace
  4502 | D:6      | Identified the cursed +0 mace of the Forgotten Stars {crush, +Rage rElec rN+ Str+3} (You found it on level 6 of the Dungeon)
  4533 | D:6      | Gained mutation: Your body sometimes deteriorates upon taking damage. [mutagenic glow]
  4553 | D:6      | Reached **** piety under Trog
  4573 | D:6      | Noticed Blork the orc
  4579 | D:6      | Killed Blork the orc
  4623 | D:6      | Reached skill level 5 in Dodging
  4779 | D:6      | Reached skill level 9 in Maces & Flails
  4798 | D:6      | Noticed Edmund
  4812 | D:6      | Killed Edmund
  5017 | D:6      | Mangled by an orc warrior

Skill      XL: |  1  2  3  4  5  6  7  8 |
---------------+-------------------------+-----
Maces & Flails | 4 5 6 8 9 |  9.3
Fighting       | 4 5 6 7 |  7.1
Armour         | 3 4 5 6 |  6.4
Dodging        | 3 4 5 |  5.3

Action                   |  1- 3 |  4- 6 |  7- 9 || total
-------------------------+-------+-------+-------++-------
Melee: Mace              |    71 |   112 |    73 ||   256
       Headbutt          |    18 |    14 |    15 ||    47
       Morningstar       |       |    10 |    29 ||    39
Invok: Berserk           |       |     2 |     3 ||     5
  Use: Scroll            |       |     7 |     3 ||    10
  Eat: Chunk             |     3 |     7 |     2 ||    12
       Bread ration      |       |       |     1 ||     1
Armor: Animal skin       |    11 |       |       ||    11
       Ring mail         |     8 |    38 |    27 ||    73
Dodge: Dodged            |    63 |    56 |    40 ||   159
